[Event "Sandnes klubbmesterskap 2017"]
[Site "Ganddal Bydelshus"]
[Date "2017.01.31"]
[Round "1"]
[White "Myrheim, Håkon Abeland"]
[Black "Nærland, Tallak U."]
[Result "1/2-1/2"]
[WhiteElo "1824"]
[BlackElo "2042"]
[ECO "B12"]
[Opening "Caro-Kann"]
[Variation "Advance, 4.Nf3 e6 5.Be2"]
[TimeControl "300"]
[Termination "normal"]
[PlyCount "104"]
[WhiteType "human"]
[BlackType "human"]

1. e4 c6 2. d4 d5 3. e5 Bf5 4. Nf3 e6 5. Be2 h6 6. O-O c5 7. Be3 Nc6 8.
dxc5 Nge7 9. c3 Bg4 10. Nbd2 Ng6 11. Bd4 Qc7 12. h3 Bxf3 13. Nxf3 O-O-O 14.
Re1 Ngxe5 15. Nxe5 Nxe5 16. Bxe5 Qxe5 17. c6 Bd6 18. cxb7+ Kb8 19. g3 Bc5
20. Kg2 h5 21. Bf3 Qf6 22. Qe2 h4 23. Qe5+ Qxe5 24. Rxe5 Rd7 25. Rd1 Rxb7
26. b3 Rb6 27. c4 f6 28. Re2 d4 29. Bg4 Re8 30. gxh4 g6 31. f4 e5 32. fxe5
fxe5 33. Rde1 Bd6 34. c5 Bxc5 35. Rxe5 Rxe5 36. Rxe5 Bb4 37. Rd5 Bc3 38.
Kf3 Ra6 39. a4 Rb6 40. Rb5 Rxb5 41. axb5 d3 42. Ke3 d2 43. h5 gxh5 44. Bxh5
Kc7 45. Kd3 Ba5 46. Kc4 Kd8 47. Kd5 Ke7 48. Kc4 Kf6 49. b4 Bc7 50. Kd3 Bf4
51. Kc4 Kg5 52. Bg4 Kh4
1/2-1/2

[Event "Sandnes klubbmesterskap 2017"]
[Site "Ganddal Bydelshus"]
[Date "2017.01.31"]
[Round "1"]
[White "Snerthammer, Daniel"]
[Black "Imhof, David"]
[Result "1-0"]
[WhiteElo "1889"]
[BlackElo "1751"]
[ECO "B10"]
[Opening "Caro-Kann"]
[Variation "Two Knights, 3...dxe4 4.Nxe4"]
[TimeControl "300"]
[Termination "normal"]
[PlyCount "55"]
[WhiteType "human"]
[BlackType "human"]

1. e4 c6 2. Nf3 d5 3. Nc3 dxe4 4. Nxe4 Bf5 5. Ng3 Bg6 6. h4 h6 7. Ne5 Bh7
8. Qf3 Nf6 9. Qb3 Qd5 10. Qxb7 Qxe5+ 11. Be2 Kd8 12. Qxa8 e6 13. Qb7 Bc5
14. Qb3 Nbd7 15. O-O g5 16. d4 Bxd4 17. Be3 gxh4 18. Bxd4 Qxd4 19. Rad1 Qe5
20. Nh1 Nd5 21. Rfe1 Qg5 22. Bf3 Rg8 23. c4 h3 24. cxd5 cxd5 25. Rd4 h5 26.
Qe3 Qg6 27. Ng3 h4 28. Rxh4
1-0

[Event "Sandnes klubbmesterskap 2017"]
[Site "Ganddal Bydelshus"]
[Date "2017.01.31"]
[Round "1"]
[White "Hjørnevik, Knut Jarle"]
[Black "Økland, Sveinung"]
[Result "1-0"]
[WhiteElo "1920"]
[BlackElo "1847"]
[ECO "D07"]
[Opening "QGD"]
[Variation "Chigorin, 3.Nf3 Bg4 4.Nc3"]
[TimeControl "300"]
[Termination "normal"]
[PlyCount "79"]
[WhiteType "human"]
[BlackType "human"]

1. d4 d5 2. c4 Nc6 3. Nf3 Bg4 4. Nc3 e6 5. Bf4 Bb4 6. e3 Nf6 7. Rc1 O-O 8.
a3 Bxc3+ 9. Rxc3 Qe7 10. Be2 Bxf3 11. Bxf3 e5 12. dxe5 Ne4 13. Bxe4 dxe4
14. Qc2 f5 15. exf6 Qxf6 16. Bxc7 Qg6 17. O-O Rf7 18. Bg3 Ne7 19. c5 Nf5
20. Rc4 Raf8 21. Qxe4 h5 22. c6 bxc6 23. Rxc6 Qg5 24. Bf4 Qh4 25. Qc4 Qe7
26. Rc7 Qf6 27. Rxf7 Rxf7 28. e4 Nh4 29. Bg3 Nf3+ 30. gxf3 h4 31. e5 Qxf3
32. Bxh4 Kh7 33. e6 Rf4 34. Qc2+ Kh6 35. Bg3 Re4 36. Qd2+ Kh5 37. Re1 Rxe1+
38. Qxe1 Kg4 39. e7 Kh3 40. Qe6+
1-0

[Event "Sandnes klubbmesterskap 2017"]
[Site "Ganddal Bydelshus"]
[Date "2017.01.31"]
[Round "1"]
[White "Jensen, Lars Vognsen"]
[Black "Skrede, Snorre"]
[Result "1/2-1/2"]
[WhiteElo "1759"]
[BlackElo "1915"]
[ECO "C42"]
[Opening "Russian Game"]
[Variation "Cozio/Lasker"]
[TimeControl "300"]
[Termination "normal"]
[PlyCount "58"]
[WhiteType "human"]
[BlackType "human"]

1. e4 e5 2. Nf3 Nf6 3. Nxe5 d6 4. Nf3 Nxe4 5. Qe2 Qe7 6. d3 Nf6 7. Nc3 Be6
8. g3 g6 9. Bg2 Bg7 10. O-O Nc6 11. Bg5 O-O 12. d4 d5 13. Qd2 Qd7 14. Rad1
Ne4 15. Ne5 Nxe5 16. Nxe4 dxe4 17. dxe5 Qxd2 18. Bxd2 Bxe5 19. Bxe4 c6 20.
b3 Rfe8 21. Be3 Bc7 22. Bf3 Bb6 23. Bc1 Bf5 24. c4 Ba5 25. Bg5 Kg7 26. Bd2
Bxd2 27. Rxd2 Re7 28. Kg2 Rae8 29. g4 Be4
1/2-1/2

[Event "Sandnes klubbmesterskap 2017"]
[Site "Ganddal Bydelshus"]
[Date "2017.01.31"]
[Round "1"]
[White "Øverås, Vegard"]
[Black "Hegvik, Leif Trygve"]
[Result "1-0"]
[WhiteElo "1886"]
[BlackElo "1916"]
[ECO "D02"]
[Opening "Queen's Pawn"]
[Variation "London"]
[TimeControl "300"]
[Termination "normal"]
[PlyCount "35"]
[WhiteType "human"]
[BlackType "human"]

1. d4 d5 2. Bf4 Nf6 3. Nf3 c5 4. e3 Qb6 5. Nc3 Bf5 6. Bxb8 Rxb8 7. Bb5+ Bd7
8. dxc5 Qc7 9. Bxd7+ Qxd7 10. e4 Nxe4 11. Nxe4 dxe4 12. Qxd7+ Kxd7 13.
O-O-O+ Kc7 14. Ng5 f5 15. Ne6+ Kc6 16. b4 g6 17. c4 b6 18. b5+
1-0

[Event "Sandnes klubbmesterskap 2017"]
[Site "Ganddal Bydelshus"]
[Date "2017.01.31"]
[Round "2"]
[White "Nærland, Tallak U."]
[Black "Øverås, Vegard"]
[Result "1-0"]
[WhiteElo "2042"]
[BlackElo "1886"]
[ECO "B03"]
[Opening "Alekhine"]
[Variation "Exchange, 5...cxd6 6.Nc3 g6 7.Be3"]
[TimeControl "300"]
[Termination "normal"]
[PlyCount "105"]
[WhiteType "human"]
[BlackType "human"]

1. e4 Nf6 2. e5 Nd5 3. c4 Nb6 4. d4 d6 5. exd6 cxd6 6. Nc3 g6 7. Be3 Bg7 8.
Rc1 O-O 9. b3 e5 10. dxe5 dxe5 11. Qxd8 Rxd8 12. c5 N6d7 13. Bc4 Nf6 14.
Nb5 Ne8 15. Nf3 a6 16. Nc3 h6 17. O-O Bg4 18. Nd2 Nc6 19. f3 Bf5 20. Nde4
Rac8 21. Nd5 Be6 22. Rfd1 Bxd5 23. Bxd5 Kf8 24. Rd2 f5 25. Nd6 f4 26. Bf2
Nxd6 27. cxd6 Nd4 28. Rxc8 Rxc8 29. Bxd4 exd4 30. Bxb7 Rd8 31. Bxa6 Rxd6
32. Bc4 Bf6 33. Kf2 Bd8 34. Ke2 Ba5 35. Rc2 Bc3 36. Kd3 Ke7 37. Re2+ Kf6
38. a4 Rd7 39. Re6+ Kf5 40. Re8 Kf6 41. Rf8+ Kg7 42. Rxf4 Re7 43. Re4 Rxe4
44. Kxe4 Kf6 45. Kd5 Ke7 46. Kc6 Kd8 47. Bd3 g5 48. Bf5 h5 49. h4 gxh4 50.
Bd3 Bd2 51. Kc5 Bc3 52. b4 Kc7 53. f4
1-0

[Event "Sandnes klubbmesterskap 2017"]
[Site "Ganddal Bydelshus"]
[Date "2017.01.31"]
[Round "2"]
[White "Skrede, Snorre"]
[Black "Myrheim, Håkon Abeland"]
[Result "1-0"]
[WhiteElo "1915"]
[BlackElo "1824"]
[ECO "A57"]
[Opening "Benko Gambit"]
[Variation "3.d5"]
[TimeControl "300"]
[Termination "normal"]
[PlyCount "119"]
[WhiteType "human"]
[BlackType "human"]

1. d4 Nf6 2. c4 c5 3. d5 b5 4. Qc2 bxc4 5. e4 g6 6. Bxc4 Bg7 7. Nf3 O-O 8.
O-O d6 9. h3 Nbd7 10. Bf4 Nb6 11. Be2 Nxe4 12. Qxe4 Bxb2 13. Na3 Bxa3 14.
Bh6 Re8 15. Rad1 Bb2 16. Ng5 e6 17. Qf4 f6 18. Nxe6 Bxe6 19. dxe6 Be5 20.
Qh4 Rxe6 21. Bd3 f5 22. Bg5 Bf6 23. Bc4 d5 24. Bxf6 Rxf6 25. Bxd5+ Nxd5 26.
Rxd5 Qxd5 27. Qxf6 c4 28. Re1 Rd8 29. Re7 Qd1+ 30. Kh2 Qd6+ 31. Qxd6 Rxd6
32. Rxa7 Rc6 33. Re7 c3 34. Re1 c2 35. Rc1 Kf7 36. Kg1 Ke6 37. Kf1 Kd5 38.
Ke2 g5 39. Kd3 h5 40. Rxc2 Ra6 41. Kc3 g4 42. hxg4 hxg4 43. Kb4 f4 44. a4
f3 45. gxf3 gxf3 46. a5 Kd4 47. Rd2+ Ke4 48. Kb5 Ra8 49. a6 Rb8+ 50. Kc6
Rb1 51. Ra2 Rc1+ 52. Kd7 Rd1+ 53. Ke7 Rh1 54. a7 Rh7+ 55. Kf6 Rh8 56. a8=Q+
Rxa8 57. Rxa8 Kd3 58. Re8 Kd4 59. Re3 Kd5 60. Rxf3
1-0

[Event "Sandnes klubbmesterskap 2017"]
[Site "Ganddal Bydelshus"]
[Date "2017.01.31"]
[Round "2"]
[White "Snerthammer, Daniel"]
[Black "Hjørnevik, Knut Jarle"]
[Result "1/2-1/2"]
[WhiteElo "1889"]
[BlackElo "1920"]
[ECO "C01"]
[Opening "French"]
[Variation "Exchange Winawer, 1.e4 e6 2.d4 d5 3.exd5 exd5 4.Nc3 Bb4 5.Bd3"]
[TimeControl "300"]
[Termination "normal"]
[PlyCount "82"]
[WhiteType "human"]
[BlackType "human"]

1. e4 e6 2. d4 d5 3. Nc3 Bb4 4. exd5 exd5 5. Bd3 Nf6 6. Ne2 c6 7. O-O O-O
8. a3 Bd6 9. Bf4 Re8 10. Bxd6 Qxd6 11. Ng3 Bg4 12. Qd2 Nbd7 13. Rae1 Nf8
14. Nd1 Ng6 15. Ne3 Qf4 16. Bxg6 hxg6 17. Qb4 a5 18. Qxb7 Bd7 19. Ne2 Qd6
20. Qb3 Reb8 21. Qa2 c5 22. dxc5 Qxc5 23. Rd1 Bb5 24. Rfe1 Bxe2 25. Rxe2
Qb5 26. c4 dxc4 27. Qxc4 Qh5 28. Red2 Qe5 29. Qa4 Ne4 30. Nc4 Qg5 31. Rd5
f5 32. f3 Rxb2 33. g4 Qh4 34. Nxb2 Qf2+ 35. Kh1 Qxf3+ 36. Kg1 Qf2+ 37. Kh1
Qf3+ 38. Kg1 Qxg4+ 39. Kf1 Qf3+ 40. Kg1 Qf2+ 41. Kh1 Qf3+
1/2-1/2

[Event "Sandnes klubbmesterskap 2017"]
[Site "Ganddal Bydelshus"]
[Date "2017.01.31"]
[Round "2"]
[White "Økland, Sveinung"]
[Black "Hegvik, Leif Trygve"]
[Result "0-1"]
[WhiteElo "1847"]
[BlackElo "1916"]
[ECO "A07"]
[Opening "Reti Opening"]
[Variation "KIA, 1.Nf3 d5 2.g3 Nf6 3.Bg2 Bf5"]
[TimeControl "300"]
[Termination "normal"]
[PlyCount "64"]
[WhiteType "human"]
[BlackType "human"]

1. Nf3 d5 2. g3 Nf6 3. Bg2 Bf5 4. O-O e6 5. d3 Be7 6. Nbd2 h6 7. e3 O-O 8.
Qe2 c6 9. e4 dxe4 10. dxe4 Bh7 11. Rd1 Qc7 12. e5 Nfd7 13. Nb3 c5 14. h4
Nc6 15. Bf4 Rfd8 16. c3 Bf8 17. Nbd2 Nb6 18. Ne4 Nd5 19. Rxd5 Rxd5 20. c4
Nd4 21. Nxd4 Rxd4 22. Nf6+ gxf6 23. Qg4+ Kh8 24. Re1 Rad8 25. Qf3 Rxc4 26.
Be3 fxe5 27. Bf1 Rcd4 28. Bh3 Bg7 29. Qh5 Bg6 30. Qe2 Qd7 31. Bxd4 exd4 32.
Qc4 Qd5
0-1

[Event "Sandnes klubbmesterskap 2017"]
[Site "Ganddal Bydelshus"]
[Date "2017.01.31"]
[Round "2"]
[White "Shehzad, Shazil"]
[Black "Jensen, Lars Vognsen"]
[Result "1-0"]
[WhiteElo "1783"]
[BlackElo "1759"]
[ECO "C45"]
[Opening "Scotch"]
[Variation "Mieses, 8.c4 Ba6 9.b3"]
[TimeControl "300"]
[Termination "normal"]
[PlyCount "49"]
[WhiteType "human"]
[BlackType "human"]

1. e4 e5 2. Nf3 Nc6 3. d4 exd4 4. Nxd4 Nf6 5. Nxc6 bxc6 6. e5 Qe7 7. Qe2
Nd5 8. c4 Ba6 9. b3 Qh4 10. a3 Bc5 11. g3 Bxf2+ 12. Qxf2 Qe4+ 13. Kd1 Qxh1
14. Nd2 Nc3+ 15. Kc2 Ne4 16. Nxe4 Qxe4+ 17. Bd3 Qg4 18. Bb2 O-O-O 19. Qxa7
Bb7 20. c5 d6 21. Rf1 g6 22. exd6 Rhe8 23. Rf4 Qd7 24. Ba6 cxd6 25. Qa8+
1-0

[Event "Sandnes klubbmesterskap 2017"]
[Site "Ganddal Bydelshus"]
[Date "2017.01.31"]
[Round "3"]
[White "Hjørnevik, Knut Jarle"]
[Black "Nærland, Tallak U."]
[Result "0-1"]
[WhiteElo "1920"]
[BlackElo "2042"]
[ECO "B15"]
[Opening "Caro-Kann"]
[Variation "von Hennig Gambit"]
[TimeControl "300"]
[Termination "normal"]
[PlyCount "90"]
[WhiteType "human"]
[BlackType "human"]

1. e4 c6 2. d4 d5 3. Nc3 dxe4 4. Bc4 Bf5 5. f3 exf3 6. Nxf3 e6 7. O-O Nf6
8. Ng5 Bg6 9. Ne2 Bd6 10. Nf4 Bxf4 11. Bxf4 O-O 12. c3 Nd5 13. Qg4 Nd7 14.
Rae1 N7f6 15. Qf3 Nxf4 16. Qxf4 Nd5 17. Qd2 Rc8 18. g4 c5 19. Bxd5 Qxd5 20.
h4 cxd4 21. h5 Bd3 22. Qxd3 Qxg5 23. Qxd4 Rcd8 24. Qf4 Qc5+ 25. Rf2 h6 26.
Re5 Rd1+ 27. Kg2 Qc6+ 28. Qf3 Qxf3+ 29. Kxf3 Rfd8 30. Ree2 R8d6 31. Kg2 f6
32. Kh2 e5 33. Kg2 R6d5 34. Kh2 Kf7 35. Kg2 Ke6 36. Kh2 Ra1 37. a3 Rdd1 38.
Kg2 Rh1 39. Re4 Rag1+ 40. Kf3 Rh3+ 41. Ke2 Rhg3 42. Rc4 Kd7 43. Rf3 R1g2+
44. Kf1 Rg1+ 45. Kf2 R3g2+
0-1

[Event "Sandnes klubbmesterskap 2017"]
[Site "Ganddal Bydelshus"]
[Date "2017.01.31"]
[Round "3"]
[White "Myrheim, Håkon Abeland"]
[Black "Imhof, David"]
[Result "1-0"]
[WhiteElo "1824"]
[BlackElo "1751"]
[ECO "B00"]
[Opening "Owen Defence"]
[Variation "3.Bd3 e6"]
[TimeControl "300"]
[Termination "normal"]
[PlyCount "85"]
[WhiteType "human"]
[BlackType "human"]

1. e4 b6 2. d4 Bb7 3. Bd3 e6 4. Qe2 Ne7 5. Nf3 Ng6 6. c3 Be7 7. O-O d6 8.
a4 Nd7 9. Rd1 a5 10. g3 e5 11. d5 O-O 12. Na3 Nc5 13. Bc2 Bc8 14. Be3 Nb7
15. Nb5 Bg4 16. Bd2 Qd7 17. Qe3 h6 18. Rdc1 Bd8 19. h4 f5 20. exf5 Bxf5 21.
Bxf5 Qxf5 22. Kg2 Nc5 23. c4 Nd3 24. Rc3 e4 25. Rxd3 exd3 26. Nbd4 Qf6 27.
Ne6 Rf7 28. Bc3 Ne5 29. Nxe5 dxe5 30. Bxe5 Qf5 31. Nxg7 Rxg7 32. Bxg7 Kxg7
33. Rd1 Bf6 34. b3 Qg4 35. Rxd3 Bxh4 36. Rd4 Qg5 37. Rxh4 Qg6 38. Qe5+ Kh7
39. Qxc7+ Kg8 40. Qd7 Qc2 41. Rg4+ Kf8 42. Qd6+ Kf7 43. Qe6+
1-0

[Event "Sandnes klubbmesterskap 2017"]
[Site "Ganddal Bydelshus"]
[Date "2017.01.31"]
[Round "3"]
[White "Jensen, Lars Vognsen"]
[Black "Økland, Sveinung"]
[Result "0-1"]
[WhiteElo "1759"]
[BlackElo "1847"]
[ECO "B01"]
[Opening "Scandinavian"]
[Variation "Schiller, 4.d4 Nf6"]
[TimeControl "300"]
[Termination "normal"]
[PlyCount "118"]
[WhiteType "human"]
[BlackType "human"]

1. e4 d5 2. exd5 Qxd5 3. Nc3 Qd6 4. d4 Nf6 5. h3 c6 6. Nf3 Bf5 7. Bd3 Bxd3
8. Qxd3 Nbd7 9. O-O e6 10. Ne2 Qc7 11. c4 Rd8 12. Qc2 Be7 13. a3 O-O 14. b4
Rfe8 15. Bb2 a5 16. Bc3 axb4 17. axb4 Ra8 18. g3 b5 19. c5 Nd5 20. Bd2 Rxa1
21. Rxa1 e5 22. Kg2 Bf6 23. Qe4 Qc8 24. Qg4 e4 25. Nfg1 g6 26. Ra7 Nf8 27.
Qxc8 Rxc8 28. h4 Ne6 29. Bc3 Bg7 30. Nh3 h6 31. Bd2 f5 32. Nhf4 Ndxf4+ 33.
Nxf4 Nxf4+ 34. gxf4 Bxd4 35. Rd7 Bf6 36. Rd6 Kf7 37. Be3 Be7 38. Rd7 Ke6
39. Rb7 Bxh4 40. Rh7 h5 41. Rg7 Bf6 42. Rxg6 Kf7 43. Rh6 Rg8+ 44. Kh2 h4
45. Rh7+ Rg7 46. Rh6 Rg6 47. Rh7+ Ke6 48. Rc7 Kd5 49. Rd7+ Kc4 50. Rd6 Kxb4
51. Rxc6 Rh6 52. Bd4 Bxd4 53. Rxh6 Kxc5 54. Kg2 b4 55. Rh5 b3 56. Rxf5+ Kc4
57. Rf8 b2 58. Rc8+ Bc5 59. Rb8 Bb4
0-1

[Event "Sandnes klubbmesterskap 2017"]
[Site "Ganddal Bydelshus"]
[Date "2017.01.31"]
[Round "3"]
[White "Hegvik, Leif Trygve"]
[Black "Skrede, Snorre"]
[Result "1-0"]
[WhiteElo "1916"]
[BlackElo "1915"]
[ECO "B23"]
[Opening "Sicilian"]
[Variation "Closed, Grand Prix, 3...g6 4.Nf3 Bg7 5.Bb5 Nd4 6.O-O"]
[TimeControl "300"]
[Termination "normal"]
[PlyCount "67"]
[WhiteType "human"]
[BlackType "human"]

1. e4 c5 2. Nc3 g6 3. f4 Bg7 4. Nf3 Nc6 5. Bb5 Nd4 6. O-O a6 7. Bd3 d6 8.
Rb1 b5 9. Kh1 e6 10. b4 Ne7 11. a4 Nxf3 12. Qxf3 cxb4 13. Rxb4 Nc6 14. Rb1
b4 15. Ne2 a5 16. Bb2 Bxb2 17. Rxb2 Ba6 18. Bxa6 Rxa6 19. f5 Qd7 20. Nf4
Ne5 21. fxe6 fxe6 22. Qh3 O-O 23. Rbb1 Rf6 24. d4 Qf7 25. dxe5 dxe5 26. Qd3
exf4 27. Qxa6 g5 28. Rbd1 f3 29. gxf3 Rxf3 30. Qe2 g4 31. Rxf3 gxf3 32. Qd3
Qf4 33. Rf1 f2 34. Qg3+
1-0

[Event "Sandnes klubbmesterskap 2017"]
[Site "Ganddal Bydelshus"]
[Date "2017.01.31"]
[Round "3"]
[White "Øverås, Vegard"]
[Black "Shehzad, Shazil"]
[Result "1-0"]
[WhiteElo "1886"]
[BlackElo "1783"]
[ECO "A48"]
[Opening "Neo-King's Indian"]
[Variation "London System, 2..g6 3.Bf4 Bg7 4.e3 O-O 5.Be2 d6"]
[TimeControl "300"]
[Termination "normal"]
[PlyCount "97"]
[WhiteType "human"]
[BlackType "human"]

1. d4 Nf6 2. Nf3 g6 3. Bf4 Bg7 4. e3 O-O 5. Be2 d6 6. Nbd2 Nbd7 7. c3 Re8
8. Qc2 b6 9. O-O-O Bb7 10. h4 h5 11. Rhg1 c5 12. Bg5 a6 13. Nh2 b5 14. g4
hxg4 15. Nxg4 cxd4 16. exd4 e6 17. Nh6+ Kf8 18. h5 gxh5 19. Bxh5 Bxh6 20.
Bxh6+ Ke7 21. Bxf7 Rh8 22. Bg7 Kxf7 23. Qg6+ Ke7 24. Bxf6+ Nxf6 25. Qg7+
Ke8 26. Qxh8+ Kd7 27. Rg7+ Kc6 28. Qh1+ d5 29. Re1 Qd6 30. Nb3 a5 31. Nc5
Bc8 32. Qf3 Ne8 33. Rg6 Nc7 34. Qf7 Bd7 35. Nxd7 Qxd7 36. Rexe6+ Nxe6 37.
Rxe6+ Kc7 38. Qf4+ Kd8 39. Qf8+ Kc7 40. Qc5+ Kd8 41. Rd6 Rc8 42. Rxd7+ Kxd7
43. Qxd5+ Kc7 44. Qf5 Kb7 45. Qxc8+ Kxc8 46. b4 axb4 47. cxb4 Kd7 48. a4
bxa4 49. f4
1-0

[Event "Sandnes klubbmesterskap 2017"]
[Site "Ganddal Bydelshus"]
[Date "2017.01.31"]
[Round "4"]
[White "Nærland, Tallak U."]
[Black "Snerthammer, Daniel"]
[Result "1-0"]
[WhiteElo "2042"]
[BlackElo "1889"]
[ECO "B20"]
[Opening "Sicilian"]
[Variation "2.g3 g6 3.Bg2 Bg7"]
[TimeControl "300"]
[Termination "normal"]
[PlyCount "81"]
[WhiteType "human"]
[BlackType "human"]

1. e4 c5 2. g3 g6 3. Bg2 Bg7 4. Ne2 Nc6 5. O-O e5 6. d3 Nge7 7. Be3 d6 8.
c3 O-O 9. Na3 Bg4 10. h3 Bc8 11. Qd2 Re8 12. Rfd1 b6 13. d4 exd4 14. cxd4
Ba6 15. Nc2 Rc8 16. Nc3 Na5 17. b3 Qc7 18. Rac1 Nec6 19. f4 Qd8 20. g4 Rc7
21. Bf1 Bxf1 22. Rxf1 Rd7 23. Bf2 d5 24. e5 cxd4 25. Nxd4 Nxd4 26. Bxd4 Nc6
27. Nb5 Nxd4 28. Nxd4 Bf8 29. Kg2 a5 30. f5 Qh4 31. e6 Rb7 32. exf7+ Rxf7
33. fxg6 Rfe7 34. gxh7+ Rxh7 35. Rc3 Bb4 36. Qd3 Bxc3 37. Qg6+ Rg7 38.
Qxe8+ Kh7 39. Nf5 Rxg4+ 40. hxg4 Qxg4+ 41. Ng3
1-0

[Event "Sandnes klubbmesterskap 2017"]
[Site "Ganddal Bydelshus"]
[Date "2017.01.31"]
[Round "4"]
[White "Økland, Sveinung"]
[Black "Myrheim, Håkon Abeland"]
[Result "1/2-1/2"]
[WhiteElo "1847"]
[BlackElo "1824"]
[ECO "A45"]
[Opening "Indian"]
[Variation "2.Bf4"]
[TimeControl "300"]
[Termination "normal"]
[PlyCount "115"]
[WhiteType "human"]
[BlackType "human"]

1. d4 Nf6 2. Bf4 c5 3. e3 e6 4. c3 b6 5. Nd2 Be7 6. Bd3 Bb7 7. Ngf3 O-O 8.
a4 cxd4 9. exd4 d6 10. Qc2 Nbd7 11. O-O Re8 12. Nc4 Qc7 13. Qe2 Bf8 14. Bg5
g6 15. Rfe1 Bg7 16. Bxf6 Bxf6 17. Ncd2 e5 18. dxe5 dxe5 19. Be4 Bxe4 20.
Nxe4 Bg7 21. Qb5 Nf6 22. Nxf6+ Bxf6 23. Rad1 Re7 24. h4 Rd8 25. Ng5 Rxd1
26. Rxd1 Bxg5 27. hxg5 Qc8 28. Qd5 Qb7 29. Qd8+ Kg7 30. Rd5 Qc6 31. a5 Re6
32. axb6 axb6 33. Rd1 Re8 34. Qd3 Re6 35. c4 Qc5 36. b3 e4 37. Qd4+ Qxd4
38. Rxd4 Re5 39. Kf1 b5 40. Ke2 bxc4 41. Rxc4 Rxg5 42. g3 Rb5 43. b4 f5 44.
Ke3 Kf6 45. Kd4 g5 46. Rc6+ Kf7 47. Kc4 Rb7 48. b5 f4 49. gxf4 gxf4 50. Kd4
e3 51. fxe3 fxe3 52. Kxe3 Rxb5 53. Kf4 h5 54. Kg3 Rb4 55. Kh3 h4 56. Rh6
Kg7 57. Rxh4 Rxh4+ 58. Kxh4 {Insufficient material}
1/2-1/2

[Event "Sandnes klubbmesterskap 2017"]
[Site "Ganddal Bydelshus"]
[Date "2017.01.31"]
[Round "4"]
[White "Imhof, David"]
[Black "Jensen, Lars Vognsen"]
[Result "1-0"]
[WhiteElo "1751"]
[BlackElo "1759"]
[ECO "C44"]
[Opening "Ponziani"]
[Variation "3...Nf6 4.d4 exd4"]
[TimeControl "300"]
[Termination "normal"]
[PlyCount "47"]
[WhiteType "human"]
[BlackType "human"]

1. e4 e5 2. Nf3 Nc6 3. c3 Nf6 4. d4 exd4 5. e5 Nd5 6. Qb3 Nb6 7. cxd4 Be7
8. d5 Bb4+ 9. Bd2 Bxd2+ 10. Nbxd2 Ne7 11. d6 Nc6 12. Bd3 O-O 13. Ne4 h6 14.
O-O Qe8 15. Rfe1 Qe6 16. Qc3 Qg4 17. h3 Qf4 18. Bc2 Kh8 19. g3 Qf5 20. Neg5
Nd5 21. Qd2 Qxc2 22. Qxc2 hxg5 23. Qe4 Nb6 24. Nxg5
1-0

[Event "Sandnes klubbmesterskap 2017"]
[Site "Ganddal Bydelshus"]
[Date "2017.01.31"]
[Round "4"]
[White "Hegvik, Leif Trygve"]
[Black "Hjørnevik, Knut Jarle"]
[Result "0-1"]
[WhiteElo "1916"]
[BlackElo "1920"]
[ECO "C01"]
[Opening "French"]
[Variation "Exchange Winawer, 1.e4 e6 2.d4 d5 3.exd5 exd5 4.Nc3 Bb4 5.Bd3 Nc6"]
[TimeControl "300"]
[Termination "normal"]
[PlyCount "120"]
[WhiteType "human"]
[BlackType "human"]

1. e4 e6 2. d4 d5 3. Nc3 Bb4 4. exd5 exd5 5. Bd3 Nc6 6. a3 Be7 7. Nge2 Bf6
8. O-O Nge7 9. Be3 O-O 10. Ng3 g6 11. Nce2 Be6 12. f4 Bg4 13. c3 Re8 14.
Qd2 Bxe2 15. Qxe2 Kg7 16. Qg4 Kh8 17. Rae1 Ng8 18. f5 Qd7 19. Qf3 Re7 20.
fxg6 fxg6 21. Ne2 Rf7 22. Nf4 Nce7 23. Bd2 Raf8 24. Qg3 c6 25. Ne6 Re8 26.
Bg5 Nc8 27. Bxg6 Rxe6 28. Rxe6 Bxd4+ 29. cxd4 Rxf1+ 30. Kxf1 Qxe6 31. Bd3
Nd6 32. Bf4 Nf7 33. Qh4 Ngh6 34. h3 Kg7 35. g4 a6 36. Qg3 Kg8 37. Bxh6 Qxh6
38. Qb8+ Kg7 39. Qxb7 Qf4+ 40. Ke2 Qxd4 41. Bf5 Qe5+ 42. Kf3 d4 43. Qxc6
Qxf5+ 44. gxf5 Ne5+ 45. Ke4 Nxc6 46. b4 Kf6 47. h4 h5 48. a4 Nxb4 49. Kxd4
Kxf5 50. Kc5 Nd3+ 51. Kb6 a5 52. Kxa5 Nc5 53. Kb4 Nxa4 54. Kc4 Kg4 55. Kd3
Kxh4 56. Ke2 Kg3 57. Kf1 Nc5 58. Kg1 Ne4 59. Kh1 Nf2+ 60. Kg1 h4
0-1

[Event "Sandnes klubbmesterskap 2017"]
[Site "Ganddal Bydelshus"]
[Date "2017.01.31"]
[Round "4"]
[White "Skrede, Snorre"]
[Black "Shehzad, Shazil"]
[Result "1-0"]
[WhiteElo "1915"]
[BlackElo "1783"]
[ECO "E11"]
[Opening "Bogo-Indian"]
[Variation "Nimzowitsch, 5.g3 Nc6 Main Line"]
[TimeControl "300"]
[Termination "normal"]
[PlyCount "115"]
[WhiteType "human"]
[BlackType "human"]

1. d4 Nf6 2. c4 e6 3. g3 Bb4+ 4. Bd2 Qe7 5. Bg2 Nc6 6. Nf3 Bxd2+ 7. Nbxd2
d6 8. O-O e5 9. d5 Nb8 10. e4 O-O 11. h3 a5 12. Ne1 Ne8 13. Nd3 f5 14. Qe2
Nf6 15. Kh2 h6 16. f4 exf4 17. Nxf4 Re8 18. Rae1 Qf7 19. Qf2 fxe4 20. Nxe4
Nbd7 21. Ne6 Ne5 22. Nxf6+ gxf6 23. Qxf6 Qxf6 24. Rxf6 Bxe6 25. dxe6 Kg7
26. Ref1 Rf8 27. Rxf8 Rxf8 28. Rxf8 Kxf8 29. b3 c6 30. Be4 Ke7 31. Bf5 Nf3+
32. Kg2 Nd4 33. g4 Nxe6 34. Bxe6 Kxe6 35. Kf3 Ke5 36. h4 b6 37. Ke3 Ke6 38.
Ke4 Kf6 39. Kf4 d5 40. cxd5 cxd5 41. g5+ hxg5+ 42. hxg5+ Ke6 43. g6 Kf6 44.
a4 Kxg6 45. Ke5 Kf7 46. Kxd5 Ke7 47. Kc6 Kd8 48. Kxb6 Kc8 49. Kxa5 Kb7 50.
Kb5 Ka7 51. Kc6 Ka6 52. b4 Ka7 53. Kc7 Ka8 54. b5 Ka7 55. b6+ Ka8 56. b7+
Ka7 57. b8=Q+ Ka6 58. Qb6#
1-0

[Event "Sandnes klubbmesterskap 2017"]
[Site "Ganddal Bydelshus"]
[Date "2017.01.31"]
[Round "5"]
[White "Skrede, Snorre"]
[Black "Nærland, Tallak U."]
[Result "0-1"]
[WhiteElo "1915"]
[BlackElo "2042"]
[ECO "D05"]
[Opening "Colle"]
[Variation "5.c3 Nc6"]
[TimeControl "300"]
[Termination "normal"]
[PlyCount "118"]
[WhiteType "human"]
[BlackType "human"]

1. d4 Nf6 2. Nf3 c5 3. e3 e6 4. Bd3 Nc6 5. c3 d5 6. b3 Bd6 7. Nbd2 O-O 8.
O-O b6 9. Re1 Bb7 10. Bb2 e5 11. dxe5 Nxe5 12. Nxe5 Bxe5 13. Nf3 Bc7 14.
Bf1 Qe7 15. g3 Rad8 16. Bg2 Rfe8 17. Qe2 Bc8 18. h3 Bf5 19. Red1 h6 20. Qf1
Qe6 21. Rac1 Rd7 22. c4 Be4 23. Bxf6 Qxf6 24. Ne1 Red8 25. Bxe4 dxe4 26.
Qe2 Qe6 27. Kg2 f5 28. h4 Be5 29. Kg1 g6 30. Kg2 Kf7 31. f4 exf3+ 32. Nxf3
Bf6 33. Kf2 g5 34. hxg5 hxg5 35. Rxd7+ Rxd7 36. Rh1 g4 37. Rh7+ Kg6 38.
Rxd7 Qxd7 39. Nd2 Qc6 40. e4 Bd4+ 41. Kf1 Kg5 42. Qh2 Qf6 43. Qh4+ Kg6 44.
Qxf6+ Kxf6 45. Ke2 Be5 46. exf5 Kxf5 47. Kf2 Bd4+ 48. Ke2 Bc3 49. Nb1 Be5
50. Kf2 Ke4 51. Nd2+ Kd3 52. Nf1 Bd4+ 53. Kg2 Kc3 54. Nh2 Kb2 55. Nxg4 Kxa2
56. Kf3 Kxb3 57. Ne3 a5 58. g4 a4 59. g5 a3
0-1

[Event "Sandnes klubbmesterskap 2017"]
[Site "Ganddal Bydelshus"]
[Date "2017.01.31"]
[Round "5"]
[White "Myrheim, Håkon Abeland"]
[Black "Øverås, Vegard"]
[Result "0-1"]
[WhiteElo "1824"]
[BlackElo "1886"]
[ECO "B03"]
[Opening "Alekhine"]
[Variation "Exchange, 5...exd6 6.Nc3 Be7"]
[TimeControl "300"]
[Termination "normal"]
[PlyCount "68"]
[WhiteType "human"]
[BlackType "human"]

1. e4 Nf6 2. e5 Nd5 3. d4 d6 4. c4 Nb6 5. exd6 exd6 6. Nc3 Be7 7. Bd3 Nc6
8. Nge2 O-O 9. O-O Bf6 10. d5 Ne5 11. f4 Nxd3 12. Qxd3 Re8 13. Ne4 Bf5 14.
N2g3 Bxe4 15. Nxe4 Qe7 16. Nxf6+ Qxf6 17. Rb1 Re7 18. Bd2 Na4 19. b4 Nb2
20. Qb3 Qd4+ 21. Kh1 Nxc4 22. Bc3 Qe4 23. Rbe1 Ne3 24. Rf3 Qd3 25. Qb2 Rae8
26. h3 Qxd5 27. Bxg7 Nf5 28. Rxe7 Rxe7 29. Bf6 Re6 30. Bg5 Qd1+ 31. Kh2 Re1
32. Qh8+ Kxh8 33. Bf6+ Kg8 34. Rg3+ Nxg3
0-1